 Dungeon Crawl Stone Soup version 0.26-a0-664-gc8b27b8fc1 (webtiles) character file.

Game seed: 1420582076555487968

25 Ijustatesigmund the Sneak (level 2, 0/16 HPs)
             Began as a Spriggan Delver on Oct 13, 2020.
             Slain by a gnoll
             ... wielding a +2 vorpal halberd
              (14 damage)
             ... on level 5 of the Dungeon.
             The game lasted 00:01:06 (192 turns).

Ijustatesigmund the Sneak (Spriggan Delver)          Turns: 192, Time: 00:01:07

Health: 0/16       AC:  2    Str:  8    XL:     2   Next: 82%
Magic:  3/3        EV: 19    Int: 11    God:
Gold:   0          SH:  0    Dex: 17    Spells: 1/1 levels left

rFire    . . .     SeeInvis +   a - +0 short sword
rCold    . . .     Faith    .   (shield restricted)
rNeg     . . .     Spirit   .   b - +0 robe
rPois    .         Reflect  .   (helmet restricted)
rElec    .         Harm     .   (no cloak)
rCorr    .         Rampage  .   (gloves unavailable)
MR       .....                  (boots unavailable)
Stlth    ++++......             (no amulet)
HPRegen  0.05/turn              (no ring)
MPRegen  0.08/turn              (no ring)

@: very quick
A: very small, unfitting armour, see invisible, speed 3
a: no special abilities


You were on level 5 of the Dungeon.
You visited 1 branch of the dungeon, and saw 2 of its levels.

Inventory:

Hand Weapons
 a - a +0 short sword (weapon)
Armour
 b - a +0 robe (worn)
Wands
 g - a wand of digging (3)
Scrolls
 c - a scroll of fog
 d - a scroll of magic mapping
 e - a scroll of fear
Potions
 f - a potion of haste


   Skills:
 - Level 2.4 Fighting
 + Level 3.1 Short Blades
 + Level 4.1 Dodging
 - Level 7.2 Stealth


You had one spell level left.
You didn't know any spells.
Your spell library was empty.

Dungeon Overview and Level Annotations

Branches:
Dungeon (6/15)
 Temple: D:4-7

Altars:

Annotations:
D:6 Menkaure


Innate Abilities, Weirdness & Mutations

You are very small and have problems with some larger weapons.
You are too small for most types of armour.
You have supernaturally acute eyesight. (SInv)
You cover ground extremely quickly.


Message History

HP restored.
You climb upwards.
An adder, 3 gnolls, 2 ogres and a zombie come into view.
A gnoll is wielding a +2 vorpal halberd.
A gnoll is wielding a +0 vorpal flail.
The adder hisses angrily.
The gnoll shouts! x2
The gnoll barely misses you. The ogre completely misses you.
Found 20 stones.
There is a stone staircase leading down here.
The adder barely misses you.
An orc comes into view. It is wielding a +0 short sword.
The helpless orc fails to defend itself.
You impale the orc!!
You kill the orc!
The centaur zombie hits you but does no damage.
As you open the door, it creaks loudly! The centaur zombie hits you.
There is an open door here.
The gnoll hits you from afar with a +2 vorpal halberd!
Ouch! That really hurt!
You die...

##########
.........#######
...............#
..............@###
.............Z.#
#.......g.g#O##
#..>......#g).#
###....#..#..S..#
..........O....#.....
.......##########.####
...#### ## .#


You could see 2 ogres, 3 gnolls, an adder and a centaur zombie.

Vanquished Creatures
  A worker ant (D:5)
  An orc (D:5)
2 creatures vanquished.

Notes
Turn   | Place    | Note
-------+----------+-------------------------------------------
     0 | D:5      | Ijustatesigmund the Spriggan Delver began the quest for the
                  | Orb.
     0 | D:5      | Reached XP level 1. HP: 11/11 MP: 2/2
     8 | D:5      | Noticed a worker ant
    13 | D:5      | Killed a worker ant
    13 | D:5      | Reached XP level 2. HP: 16/16 MP: 3/3
    43 | D:6      | Noticed Menkaure
   179 | D:5      | Noticed an ogre
   179 | D:5      | Noticed an ogre
   192 | D:5      | Slain by a gnoll

Illustrated notes

Levels and vault maps discovered:
D:5:      kb_forest_paths, layout_basic, kennysheep_mini_moat,
          lemuel_temple_firewalk_b, basic_altar, nrook_campfire
D:6:      layout_rooms, uniq_menkaure

Skill      XL: |  1 |
---------------+----+-----
Short Blades   | 3 |  3.1
Dodging        | 4 |  4.1
Fighting       | |  2.4
Stealth        | |  7.2

Action                   || total
-------------------------++-------
Melee: Short sword       ||     6
 Stab: Sleeping          ||     2
Armor: Robe              ||     1
Dodge: Dodged            ||     7

Table legend: (Time is in decaauts)
 A = Elapsed time spent in this place.
 B = Non-inter-level travel time spent in this place.
 C = Inter-level travel time spent in this place.
 D = Time resting spent in this place.
 E = Time spent auto-exploring this place.
 F = Levels seen in this place.
 G = Mean time per level.
                   A        B        C        D        E       F      G
               +--------+--------+--------+--------+--------+-----+--------+
         Total |    172 |    172 |      0 |    127 |      6 |   2 |   86.0 |
       Dungeon |    172 |    172 |      0 |    127 |      6 |   2 |   86.0 |
               +--------+--------+--------+--------+--------+-----+--------+

Top non-repeatable levels by time:
     D:6: 132 daAuts
     D:5: 39 daAuts
